 Dungeon Crawl Stone Soup version 0.28-a0-589-g333b8329f1 (webtiles) character file.

Game seed: 9785690530832989497

89 Demosthentine the Poker (level 4, 0/35 HPs)
             Began as a Merfolk Gladiator on Oct 4, 2021.
             Slain by a gnoll (8 damage)
             ... on level 3 of the Dungeon.
             The game lasted 00:01:32 (2175 turns).

Demosthentine the Poker (Merfolk Gladiator)         Turns: 2175, Time: 00:01:32

Health: 0/35       AC:  5    Str: 15    XL:     4   Next: 55%
Magic:  4/4        EV: 13    Int:  7    God:
Gold:   130        SH:  0    Dex: 15    Spells: 3/3 levels left

rFire   . . .      SeeInvis .   a - +0 trident
rCold   . . .      Faith    .   (no shield)
rNeg    . . .      Spirit   .   b - +0 leather armour
rPois   .          Reflect  .   c - +1 helmet
rElec   .          Harm     .   (no cloak)
rCorr   .          Rampage  .   (no gloves)
Will    .....                   (no boots)
Stlth   +.........              (no amulet)
HPRegen 0.11/turn               (no ring)
MPRegen 0.09/turn               (no ring)

@: no status effects
A: (nimble swimmer 2), mertail
a: no special abilities


You were on level 3 of the Dungeon.
You visited 1 branch of the dungeon, and saw 3 of its levels.

You collected 130 gold pieces.

Inventory:

Hand Weapons
 a - a +0 trident (weapon)
Missiles
 d - 3 throwing nets (quivered)
Armour
 b - a +0 leather armour (worn)
 c - a +1 helmet (worn)
Wands
 h - a wand of flame (17)
Scrolls
 e - 2 scrolls of teleportation


   Skills:
 + Level 3.1 Fighting
 + Level 5.3 Polearms
 - Level 2.0 Throwing
 + Level 1.2 Armour
 + Level 4.9 Dodging


You had 3 spell levels left.
You didn't know any spells.
Your spell library contained the following spells:

 Spells                   Type           Power      Damage    Failure   Level
 Animate Skeleton         Necr           0%         N/A       50%         1
 Apportation              Tloc           0%         N/A       50%         1
 Summon Small Mammal      Summ           0%         N/A       50%         1


Dungeon Overview and Level Annotations

Branches:
Dungeon (3/15)

Altars:
Wu Jian

Shops:
D:3 !

Portals:
Sewer: D:3


Innate Abilities, Weirdness & Mutations

((You are quick and stealthy near water. (Stealth+, EV+, Speed+++)))
Your lower body shifts to a powerful aquatic tail in water.


Message History

* * * LOW HITPOINT WARNING * * *
Reach: a) +0 trident
Press: ? - help, Dir - move target, f - gnoll
Aim: a gnoll, wielding a +0 spear (about 36% to evade your +0 trident)
You reach to attack!
You puncture the gnoll!
The gnoll is severely wounded.
The gnoll misses you.
Unknown command.
Reach: a) +0 trident
Press: ? - help, Dir - move target, f/p - gnoll
Aim: a gnoll, wielding a +0 spear (severely wounded, about 36% to evade your +0 trident)
You reach to attack!
You barely miss the gnoll.
The gnoll is severely wounded.
The gnoll closely misses you.
Reach: a) +0 trident
Press: ? - help, Dir - move target, f/p - gnoll
Aim: a gnoll, wielding a +0 spear (severely wounded, about 36% to evade your +0 trident)
You reach to attack!
You hit the gnoll.
You kill the gnoll!
Unknown command.
Reach: a) +0 trident
Press: ? - help, Dir - move target, f - kobold
Aim: a kobold, wielding a +0 dagger and quivering poisoned darts (about 47% to evade your +0 trident)
You reach to attack!
You hit the kobold.
You kill the kobold!
Unknown command.
You see here a rat corpse.
You hit the gnoll.
The gnoll is lightly wounded.
The gnoll hits you with a +0 whip.
* * * LOW HITPOINT WARNING * * *
You puncture the gnoll!
The gnoll is severely wounded.
The gnoll hits you with a +0 whip.
* * * LOW HITPOINT WARNING * * *
You feel better. The gnoll closely misses you.
You hit the gnoll.
The gnoll is almost dead.
The gnoll hits you with a +0 whip!
You die...

#..................
####...............
.<#.............∩
###..............
##...>.........
#........(....
##+#w####.....
#.Jg.#.....
#...##@####..
##..##.# ..
#.>.#.#########
###.#.........#
#......####.#
#.##...#....#####
#. ##.....##...<# #
####......###
#......#


You could see a worm, a gnoll and an endoplasm.

Vanquished Creatures
  A gnoll (D:3)
  3 adders (D:2)
  A river rat (D:3)
  A worm (D:2)
  A ball python (D:1)
  3 endoplasms
  2 giant cockroaches
  5 goblins
  6 hobgoblins
  4 quokkas
  5 bats
  A frilled lizard (D:1)
  5 kobolds
  2 rats
40 creatures vanquished.

Vanquished Creatures (others)
  2 fungi (D:1)
2 creatures vanquished.

Grand Total: 42 creatures vanquished

Notes
Turn   | Place    | Note
-------+----------+-------------------------------------------
     0 | D:1      | Demosthentine the Merfolk Gladiator began the quest for the
                  | Orb.
     0 | D:1      | Reached XP level 1. HP: 16/16 MP: 1/1
    86 | D:1      | Found a faded altar of an unknown god.
   242 | D:1      | Reached XP level 2. HP: 20/23 MP: 2/2
  1076 | D:2      | Reached XP level 3. HP: 16/28 MP: 3/3
  1312 | D:2      | Reached skill level 5 in Polearms
  1314 | D:2      | Reached skill level 1 in Armour
  1685 | D:2      | Found an ornate altar of the Wu Jian Council.
  1745 | D:2      | Reached XP level 4. HP: 32/34 MP: 4/4
  2115 | D:3      | Found Tuechar's Distillery.
  2124 | D:3      | Found a glowing drain.
  2175 | D:3      | Slain by a gnoll

Illustrated notes

Levels and vault maps discovered:
D:1:      lightli_iron_boxes, layout_basic, shapermc_ecumenical_altar_ellora,
          lemuel_another_geyser
D:2:      layout_basic, basic_altar
D:3:      layout_basic, serial_shops, shop, cheibrodos_sewer_entry_sluice

Skill      XL: |  1  2  3  4 |
---------------+-------------+-----
Polearms       | 5 |  5.3
Armour         | 1 |  1.2
Fighting       | 3 |  3.1
Throwing       | |  2.0
Dodging        | |  4.9

Action                   |  1- 3 |  4- 6 || total
-------------------------+-------+-------++-------
Melee: Trident           |    92 |    35 ||   127
       Tailslap          |       |     1 ||     1
  Use: Scroll            |     2 |     2 ||     4
       Potion            |     2 |     2 ||     4
 Stab: Sleeping          |     3 |     2 ||     5
Armor: Leather armour    |    16 |    12 ||    28
Dodge: Dodged            |    60 |    31 ||    91

Table legend: (Time is in decaauts)
 A = Elapsed time spent in this place.
 B = Non-inter-level travel time spent in this place.
 C = Inter-level travel time spent in this place.
 D = Time resting spent in this place.
 E = Time spent auto-exploring this place.
 F = Levels seen in this place.
 G = Mean time per level.
                   A        B        C        D        E       F      G
               +--------+--------+--------+--------+--------+-----+--------+
         Total |   2178 |   2125 |     53 |      0 |   1828 |   3 |  726.0 |
       Dungeon |   2178 |   2125 |     53 |      0 |   1828 |   3 |  726.0 |
               +--------+--------+--------+--------+--------+-----+--------+

Top non-repeatable levels by time:
     D:2: 1167 daAuts
     D:1: 924 daAuts
     D:3: 87 daAuts
